[Event "GambitGuide"]
[Site "Internet Chess Club"]
[Date "2014.10.31"]
[Round "1"]
[White "JSBach"]
[Black "BraafPaard"]
[Result "1-0"]
[ICCResult "Black resigns"]
[WhiteElo "1617"]
[BlackElo "1500"]
[Opening "Vienna: `Frankenstein-Dracula' variation"]
[ECO "C27"]
[NIC "VG.02"]
[Time "20:26:53"]
[TimeControl "120+12"]

1. e4 e5 2. Nc3 Nf6 3. Bc4 Nxe4 4. Qh5 Nd6 5. Bb3 Nc6 6. Nb5 g6 7. Qf3 f5 8.
Qd5 Qe7 9. Nxc7+ Kd8 10. Nxa8 b6 11. d3 Nd4 12. h4 h6 13. Kd2 Bb7 14. Nxb6
Bxd5 15. Nxd5 Qg7 16. Ke1 Be7 17. Be3 e4 18. dxe4 Nxe4 19. c3 Nxb3 20. axb3
Bc5 21. Bxc5 Nxc5 22. Rxa7 Qe5+ 23. Ne3 Ke7 24. Nf3 Qe6 25. Nd4 Qe4 26. h5
Qb1+ 27. Nd1 Nd3+ 28. Kd2 Nxf2 29. Re1+ Ne4+ 30. Ke2 Kd6 31. hxg6 Rg8 32.
Nxf5+ Ke5 33. Ne7 Rg7 34. Rxd7 Ke6 35. Rb7 Rxe7 36. Rxe7+ Kxe7 37. Kf1 Kf6
38. Kg1 Kxg6 39. b4 Qd3 40. b5 Ng3 41. Ne3 Qxb5 42. Nd1 Qc5+ 43. Kh2 Nf5 44.
b4 Qc4 45. Re8 Kf7 46. Ra8 Qh4+ 47. Kg1 Qg4 48. Rd8 Ke7 49. Rd5 Ke6 50. Rd8
Ke7 51. Rd5 h5 52. b5 h4 53. Nf2 Qg8 54. Rxf5 h3 55. Nxh3 {Black resigns}
1-0

[Event "GambitGuide"]
[Site "Internet Chess Club"]
[Date "2014.10.31"]
[Round "1"]
[White "JSBach"]
[Black "andrewmoss"]
[Result "1-0"]
[ICCResult "Black resigns"]
[WhiteElo "1617"]
[BlackElo "1400"]
[Opening "Vienna: `Frankenstein-Dracula' variation"]
[ECO "C27"]
[NIC "VG.02"]
[Time "20:32:55"]
[TimeControl "120+12"]

1. e4 e5 2. Nc3 Nf6 3. Bc4 Nxe4 4. Qh5 Nd6 5. Bb3 Nc6 6. Nb5 g6 7. Qf3 f5 8.
Qd5 Qe7 9. Nxc7+ Kd8 10. Nxa8 b6 11. d3 Bg7 12. h4 Bb7 13. Bg5 Bf6 14. Nxb6
axb6 15. Nf3 Bxg5 16. Nxg5 h6 17. Nf7+ Nxf7 18. Qxf7 Qxf7 19. Bxf7 Nd4 20.
O-O Nxc2 21. Rad1 g5 22. Rc1 Nd4 23. Rfe1 d6 24. h5 Bd5 25. Bxd5 e4 26. Rc4
exd3 27. Rxd4 Re8 28. Re3 Rxe3 29. fxe3 f4 30. exf4 b5 31. fxg5 hxg5 32. h6
b4 33. h7 b3 34. axb3 d2 35. b4 d1=Q+ 36. Rxd1 Kd7 37. h8=Q {Black resigns}
1-0

[Event "GambitGuide"]
[Site "Internet Chess Club"]
[Date "2014.10.31"]
[Round "1"]
[White "JSBach"]
[Black "Boscoe"]
[Result "1-0"]
[ICCResult "Black resigns"]
[WhiteElo "1617"]
[BlackElo "1297"]
[Opening "Vienna: `Frankenstein-Dracula' variation"]
[ECO "C27"]
[NIC "VG.02"]
[Time "20:35:18"]
[TimeControl "120+12"]

1. e4 e5 2. Nc3 Nf6 3. Bc4 Nxe4 4. Qh5 Nd6 5. Bb3 Nc6 6. Nb5 g6 7. Qf3 f5 8.
Qd5 Qe7 9. Nxc7+ Kd8 10. Nxa8 b6 11. d3 Bg7 12. Nh3 h6 13. Ba4 Bb7 14. Nxb6
axb6 15. Qb3 Kc7 16. O-O Nd4 17. Qc3+ Kb8 18. Re1 Rc8 19. Qxd4 exd4 20. Rxe7
Bc6 21. Bf4 Bf8 22. Bxd6+ Kb7 23. Bxc6+ Rxc6 24. Rxd7+ Ka6 25. Bxf8
{Black resigns}
1-0

[Event "GambitGuide"]
[Site "Internet Chess Club"]
[Date "2014.10.31"]
[Round "1"]
[White "JSBach"]
[Black "graccus"]
[Result "0-1"]
[ICCResult "White checkmated"]
[WhiteElo "1617"]
[BlackElo "1364"]
[Opening "Vienna: `Frankenstein-Dracula' variation"]
[ECO "C27"]
[NIC "VG.02"]
[Time "20:33:46"]
[TimeControl "120+12"]

1. e4 e5 2. Nc3 Nf6 3. Bc4 Nxe4 4. Qh5 Nd6 5. Bb3 Nc6 6. Nb5 g6 7. Qf3 f5 8.
Qd5 Qe7 9. Nxc7+ Kd8 10. Nxa8 b6 11. d3 Bb7 12. Nxb6 axb6 13. Qf3 Nd4 14.
Qg3 f4 15. Qg4 Qf6 16. Ba4 Bc6 17. Bb3 h5 18. Qh3 g5 19. f3 g4 20. fxg4 hxg4
21. Qxg4 Rh6 22. Nf3 Rg6 23. Qh3 Rh6 24. Qg4 Rg6 25. Qh3 Rh6 26. Qg4 Rg6 27.
Qh3 Rh6 28. Qg4 Rg6 29. Qh3 Nxf3+ 30. gxf3 Nf5 31. Rf1 Nd4 32. Bd2 Rh6 33.
Qg2 Rg6 34. Qh3 Rh6 35. Qg2 Rg6 36. Qh3 Rh6 37. Qg2 Qh4+ 38. Kd1 Nxf3 39.
Rxf3 Qh5 40. Ke2 Rg6 41. Qxg6 Bxf3+ 42. Kf2 Qxg6 43. Kxf3 Qh5+ 44. Ke4 Qxh2
45. Bc3 d6 46. d4 Qe2+ 47. Kf5 f3 48. dxe5 dxe5 49. Be1 f2 50. Bxf2 Qxf2+
51. Kxe5 Bg7+ 52. Ke4 Qd4+ 53. Kf3 Be5 54. Rb1 Qf4+ 55. Ke2 Bd4 56. Kd3 b5
57. Re1 Be5 58. c3 Qf3+ 59. Kc2 Qf2+ 60. Kd1 Bf4 61. Re2 Qf1+ 62. Kc2 Qxe2+
63. Kb1 Qe1+ 64. Kc2 Qd2+ 65. Kb1 Qc1# {White checkmated} 0-1

[Event "GambitGuide"]
[Site "Internet Chess Club"]
[Date "2014.10.31"]
[Round "1"]
[White "JSBach"]
[Black "BraafPaard"]
[Result "1-0"]
[ICCResult "Black resigns"]
[WhiteElo "1617"]
[BlackElo "1500"]
[Opening "Vienna: `Frankenstein-Dracula' variation"]
[ECO "C27"]
[NIC "VG.02"]
[Time "20:36:53"]
[TimeControl "120+12"]

1. e4 e5 2. Nc3 Nf6 3. Bc4 Nxe4 4. Qh5 Nd6 5. Bb3 Nc6 6. Nb5 g6 7. Qf3 f5 8.
Qd5 Qe7 9. Nxc7+ Kd8 10. Nxa8 b6 11. d3 Nd4 12. f4 exf4+ 13. Kd1 Bb7 14.
Qxd4 {Black resigns} 1-0

[Event "GambitGuide"]
[Site "Internet Chess Club"]
[Date "2014.10.31"]
[Round "1"]
[White "JSBach"]
[Black "kaiser99"]
[Result "1-0"]
[ICCResult "Black checkmated"]
[WhiteElo "1617"]
[BlackElo "1247"]
[Opening "Vienna: `Frankenstein-Dracula' variation"]
[ECO "C27"]
[NIC "VG.02"]
[Time "20:37:30"]
[TimeControl "120+12"]

1. e4 e5 2. Nc3 Nf6 3. Bc4 Nxe4 4. Qh5 Nd6 5. Bb3 Nc6 6. Nb5 g6 7. Qf3 f5 8.
Qd5 Qe7 9. Nxc7+ Kd8 10. Nxa8 b6 11. d3 Qe6 12. Qxe6 dxe6 13. Bg5+ Be7 14.
Bh6 Rf8 15. Bxf8 Bxf8 16. Ba4 Ba6 17. Bxc6 Kc8 18. Nf3 Kb8 19. Ng5 Bb7 20.
Bxb7 Kxb7 21. Nxe6 Be7 22. Nac7 Nb5 23. Nxb5 a6 24. Nc3 a5 25. f4 exf4 26.
Nxf4 g5 27. Ncd5 gxf4 28. Nxe7 f3 29. O-O f4 30. Rxf3 b5 31. Rxf4 b4 32. Rh4
h6 33. c4 a4 34. Rxh6 b3 35. h4 a3 36. bxa3 b2 37. Rb1 Kb8 38. Rxb2+ Kc7 39.
Rb7+ Kd8 40. Rh8# {Black checkmated} 1-0

[Event "GambitGuide"]
[Site "Internet Chess Club"]
[Date "2014.10.31"]
[Round "1"]
[White "JSBach"]
[Black "Joey218"]
[Result "1-0"]
[ICCResult "Black forfeits on time"]
[WhiteElo "1617"]
[BlackElo "1326"]
[Opening "Vienna: `Frankenstein-Dracula' variation"]
[ECO "C27"]
[NIC "VG.02"]
[Time "20:35:45"]
[TimeControl "120+12"]

1. e4 e5 2. Nc3 Nf6 3. Bc4 Nxe4 4. Qh5 Nd6 5. Bb3 Nc6 6. Nb5 g6 7. Qf3 f5 8.
Qd5 Qe7 9. Nxc7+ Kd8 10. Nxa8 b6 11. d3 Bb7 12. Nxb6 Nd4 13. Bg5 Nxc2+ 14.
Bxc2 Qxg5 15. Qxe5 Rg8 16. Bb3 Rg7 17. Nd5 Bxd5 18. Qxd5 Qe7+ 19. Ne2
{Black forfeits on time}
1-0

[Event "GambitGuide"]
[Site "Internet Chess Club"]
[Date "2014.10.31"]
[Round "1"]
[White "JSBach"]
[Black "Boscoe"]
[Result "1-0"]
[ICCResult "Black resigns"]
[WhiteElo "1617"]
[BlackElo "1297"]
[Opening "Vienna: `Frankenstein-Dracula' variation"]
[ECO "C27"]
[NIC "VG.02"]
[Time "20:37:52"]
[TimeControl "120+12"]

1. e4 e5 2. Nc3 Nf6 3. Bc4 Nxe4 4. Qh5 Nd6 5. Bb3 Nc6 6. Nb5 g6 7. Qf3 f5 8.
Qd5 Qe7 9. Nxc7+ Kd8 10. Nxa8 b6 11. d3 e4 12. dxe4 Nxe4 13. Be3 Qd6 14. Rd1
Qxd5 15. Bxd5 Ne5 16. Bf4 Bg7 17. f3 Nc5 18. b4 Nb7 19. Bg5+ Ke8 20. Nc7+
Kf8 21. Nb5 {Black resigns} 1-0

[Event "GambitGuide"]
[Site "Internet Chess Club"]
[Date "2014.10.31"]
[Round "1"]
[White "JSBach"]
[Black "JoseLL23"]
[Result "1-0"]
[ICCResult "Black resigns"]
[WhiteElo "1610"]
[BlackElo "1601"]
[Opening "Vienna: `Frankenstein-Dracula' variation"]
[ECO "C27"]
[NIC "VG.02"]
[Time "20:37:17"]
[TimeControl "120+12"]

1. e4 e5 2. Nc3 Nf6 3. Bc4 Nxe4 4. Qh5 Nd6 5. Bb3 Nc6 6. Nb5 g6 7. Qf3 f5 8.
Qd5 Qe7 9. Nxc7+ Kd8 10. Nxa8 b6 11. d3 Bb7 12. Nxb6 axb6 13. Qf3 Nd4 14.
Qh3 f4 15. Ba4 h5 16. Bd2 g5 17. f3 Bg7 18. O-O-O Bf6 19. Re1 Qg7 20. Ne2 g4
21. fxg4 hxg4 22. Qxh8+ Qxh8 23. Nxd4 exd4 24. Bxf4 Nf5 25. Re2 Ne3 26. Bd6
Bxg2 27. Rg1 Bf3 28. Ree1 Qxh2 29. Bxh2 {Black resigns} 1-0

[Event "GambitGuide"]
[Site "Internet Chess Club"]
[Date "2014.10.31"]
[Round "1"]
[White "JSBach"]
[Black "Heian"]
[Result "1-0"]
[ICCResult "Black resigns"]
[WhiteElo "1610"]
[BlackElo "1552"]
[Opening "Vienna: `Frankenstein-Dracula' variation"]
[ECO "C27"]
[NIC "VG.02"]
[Time "20:39:23"]
[TimeControl "120+12"]

1. e4 e5 2. Nc3 Nf6 3. Bc4 Nxe4 4. Qh5 Nd6 5. Bb3 Nc6 6. Nb5 g6 7. Qf3 f5 8.
Qd5 Qe7 9. Nxc7+ Kd8 10. Nxa8 b6 11. d3 Bb7 12. Nxb6 axb6 13. Qf3 Kc7 14.
Bd2 h6 15. Qg3 Qf6 16. Nf3 g5 17. Bd5 f4 18. Qg4 Be7 19. Bc3 Nf7 20. Bxf7
Qxf7 21. Nxe5 Nxe5 22. Bxe5+ d6 23. Bxh8 h5 24. Qe2 f3 25. Qe3 fxg2 26. Rg1
{Black resigns}
1-0

[Event "GambitGuide"]
[Site "Internet Chess Club"]
[Date "2014.10.31"]
[Round "1"]
[White "JSBach"]
[Black "jbj"]
[Result "1-0"]
[ICCResult "Black resigns"]
[WhiteElo "1610"]
[BlackElo "2552"]
[Opening "Vienna: `Frankenstein-Dracula' variation"]
[ECO "C27"]
[NIC "VG.02"]
[Time "20:37:12"]
[TimeControl "120+12"]

1. e4 e5 2. Nc3 Nf6 3. Bc4 Nxe4 4. Qh5 Nd6 5. Bb3 Nc6 6. Nb5 g6 7. Qf3 f5 8.
Qd5 Qe7 9. Nxc7+ Kd8 10. Nxa8 b6 11. d3 Nd4 12. f4 exf4+ 13. Kd1 Ne6 14. Qf3
Bb7 15. Bd5 Nd4 16. Qxf4 Bxd5 17. Qxd4 Bxa8 18. Qxh8 Bxg2 19. Bg5 Qxg5 20.
d4 Qe7 21. Ne2 Bxh1 22. Nf4 Bf3+ 23. Kd2 Ne4+ 24. Ke3 Bg4 25. Re1 Kc8 26.
Qe5 Qxe5 27. dxe5 Bc5+ 28. Kd3 Kd8 29. a3 a5 30. c4 Ke7 31. b4 axb4 32. Nd5+
Kf7 33. axb4 Bf2 34. Ra1 Ke6 35. Ra6 Kxe5 36. Nxb6 f4 37. Ra5+ Kd6 38. Nc8+
Kc7 39. Kxe4 Bf5+ 40. Kf3 Bh4 41. Rc5+ Kd8 42. Nd6 {Black resigns} 1-0

[Event "GambitGuide"]
[Site "Internet Chess Club"]
[Date "2014.10.31"]
[Round "1"]
[White "JSBach"]
[Black "GZ"]
[Result "1-0"]
[ICCResult "Black resigns"]
[WhiteElo "1610"]
[BlackElo "993"]
[Opening "Vienna: `Frankenstein-Dracula' variation"]
[ECO "C27"]
[NIC "VG.02"]
[Time "20:40:01"]
[TimeControl "120+12"]

1. e4 e5 2. Nc3 Nf6 3. Bc4 Nxe4 4. Qh5 Nd6 5. Bb3 Nc6 6. Nb5 g6 7. Qf3 f5 8.
Qd5 Qe7 9. Nxc7+ Kd8 10. Nxa8 b6 11. d3 Bb7 12. Nxb6 axb6 13. Qf3 Kc7 14.
Bd2 Nd4 15. Qh3 e4 16. Kf1 Bg7 17. Bc3 h5 18. Qg3 Qe6 19. Bxe6 {Black
resigns} 1-0

[Event "GambitGuide"]
[Site "Internet Chess Club"]
[Date "2014.10.31"]
[Round "1"]
[White "JSBach"]
[Black "brawny"]
[Result "1-0"]
[ICCResult "Black checkmated"]
[WhiteElo "1610"]
[BlackElo "1930"]
[Opening "Vienna: `Frankenstein-Dracula' variation"]
[ECO "C27"]
[NIC "VG.02"]
[Time "20:40:13"]
[TimeControl "120+12"]

1. e4 e5 2. Nc3 Nf6 3. Bc4 Nxe4 4. Qh5 Nd6 5. Bb3 Nc6 6. Nb5 g6 7. Qf3 f5 8.
Qd5 Qe7 9. Nxc7+ Kd8 10. Nxa8 b6 11. d3 Bb7 12. Nxb6 axb6 13. Qf3 Nd4 14.
Qg3 f4 15. Qg4 Bg7 16. Ba4 N6f5 17. c3 Ne6 18. Nf3 Qf7 19. Bd2 h5 20. Ng5
Qf6 21. Nxe6+ dxe6 22. Qh3 g5 23. f3 g4 24. fxg4 hxg4 25. Qxg4 Rh4 26. Qe2
Bh6 27. Qf2 Qg6 28. Qxb6+ Kc8 29. Bd7+ Kb8 30. Bc6 Qf7 31. Qd8+ Ka7 32. Qa5+
Kb8 33. Qxe5+ Ka7 34. Qc5+ Kb8 35. Qb6 e5 36. Qb5 Qe6 37. Qxb7#
{Black checkmated}
1-0

[Event "GambitGuide"]
[Site "Internet Chess Club"]
[Date "2014.10.31"]
[Round "1"]
[White "JSBach"]
[Black "Heian"]
[Result "1-0"]
[ICCResult "Black checkmated"]
[WhiteElo "1596"]
[BlackElo "1552"]
[Opening "Vienna: `Frankenstein-Dracula' variation"]
[ECO "C27"]
[NIC "VG.02"]
[Time "20:40:31"]
[TimeControl "120+12"]

1. e4 e5 2. Nc3 Nf6 3. Bc4 Nxe4 4. Qh5 Nd6 5. Bb3 Nc6 6. Nb5 g6 7. Qf3 f5 8.
Qd5 Qe7 9. Nxc7+ Kd8 10. Nxa8 b6 11. d3 Bb7 12. Nxb6 axb6 13. Qf3 Kc7 14.
Be3 f4 15. Bd2 Nd4 16. Qg4 Qf6 17. Ba4 Bc8 18. Nf3 h5 19. Qh3 g5 20. Nxd4
exd4 21. Qf3 Bg7 22. h4 g4 23. Qxf4 Re8+ 24. Kf1 Qe6 25. Kg1 Be5 26. Qg5 Qf7
27. Bb3 Qh7 28. Re1 Nf7 29. Bxf7 Qxf7 30. Rxe5 Rf8 31. Re2 Bb7 32. Qe5+ Kc8
33. Bb4 Rg8 34. Qxd4 Rg6 35. Bd6 g3 36. Qc4+ Qxc4 37. Re8# {Black
checkmated} 1-0

[Event "GambitGuide"]
[Site "Internet Chess Club"]
[Date "2014.10.31"]
[Round "1"]
[White "JSBach"]
[Black "GZ"]
[Result "0-1"]
[ICCResult "White checkmated"]
[WhiteElo "1596"]
[BlackElo "993"]
[Opening "Vienna: `Frankenstein-Dracula' variation"]
[ECO "C27"]
[NIC "VG.02"]
[Time "20:40:57"]
[TimeControl "120+12"]

1. e4 e5 2. Nc3 Nf6 3. Bc4 Nxe4 4. Qh5 Nd6 5. Bb3 Nc6 6. Nb5 g6 7. Qf3 f5 8.
Qd5 Qe7 9. Nxc7+ Kd8 10. Nxa8 b6 11. d3 Bb7 12. Nxb6 axb6 13. Qf3 Kc7 14.
Be3 Nd4 15. Qh3 f4 16. Bxd4 exd4+ 17. Ne2 Bg7 18. Kf1 Re8 19. Nxf4 Qe5 20.
Qxh7 Qxf4 21. Qxg7 Qg4 22. f3 Bxf3 23. gxf3 Qxf3+ 24. Kg1 Qg4+ 25. Kf1 Re2
26. Bd5 Nf5 27. Qxd4 Ne3+ 28. Qxe3 Rxe3 29. Bb3 Qf3+ 30. Kg1 Re2 31. Rf1
Qg2# {White checkmated} 0-1

[Event "GambitGuide"]
[Site "Internet Chess Club"]
[Date "2014.10.31"]
[Round "1"]
[White "JSBach"]
[Black "andrewmoss"]
[Result "1-0"]
[ICCResult "Black resigns"]
[WhiteElo "1626"]
[BlackElo "1400"]
[Opening "Vienna: `Frankenstein-Dracula' variation"]
[ECO "C27"]
[NIC "VG.02"]
[Time "20:37:59"]
[TimeControl "120+12"]

1. e4 e5 2. Nc3 Nf6 3. Bc4 Nxe4 4. Qh5 Nd6 5. Bb3 Nc6 6. Nb5 g6 7. Qf3 f5 8.
Qd5 Qe7 9. Nxc7+ Kd8 10. Nxa8 b6 11. d3 Bb7 12. Nxb6 axb6 13. Qf3 e4 14. Qe3
exd3 15. cxd3 Qxe3+ 16. Bxe3 Kc7 17. Rc1 Bg7 18. Rc2 Re8 19. Ne2 Ba6 20. Nf4
Kb7 21. Kf1 Nb4 22. Rd2 Bxb2 23. Rxb2 Nxd3 24. Bd5+ Kc8 25. Rxb6 Nxf4+ 26.
Rxa6 Nxd5 27. Rxd6 Nxe3+ 28. fxe3 Rxe3 29. Kf2 Ra3 30. Rc1+ Kd8 31. Rd2
{Black resigns}
1-0

[Event "GambitGuide"]
[Site "Internet Chess Club"]
[Date "2014.10.31"]
[Round "1"]
[White "JSBach"]
[Black "Heian"]
[Result "1-0"]
[ICCResult "Black checkmated"]
[WhiteElo "1626"]
[BlackElo "1552"]
[Opening "Vienna: `Frankenstein-Dracula' variation"]
[ECO "C27"]
[NIC "VG.02"]
[Time "20:42:33"]
[TimeControl "120+12"]

1. e4 e5 2. Nc3 Nf6 3. Bc4 Nxe4 4. Qh5 Nd6 5. Bb3 Nc6 6. Nb5 g6 7. Qf3 f5 8.
Qd5 Qe7 9. Nxc7+ Kd8 10. Nxa8 b6 11. d3 Bb7 12. Nxb6 axb6 13. Qf3 Nd4 14.
Qg3 h6 15. Qxg6 Nxb3 16. axb3 e4 17. Be3 Qe5 18. Bxb6+ Kc8 19. d4 Qe7 20.
Ra5 e3 21. Rc5+ Kb8 22. Bc7+ Ka7 23. Ra5+ Ba6 24. Nf3 exf2+ 25. Kxf2 Ne4+
26. Kg1 d6 27. Bb8+ Kxb8 28. Rxa6 Qb7 29. Qe8+ Kc7 30. Ra5 Qb4 31. Ra7+ Kb6
32. Qb8+ Kc6 33. Qa8+ Kb6 34. Qb7# {Black checkmated} 1-0

[Event "GambitGuide"]
[Site "Internet Chess Club"]
[Date "2014.10.31"]
[Round "1"]
[White "JSBach"]
[Black "TwoEqualsOne"]
[Result "1-0"]
[ICCResult "Black resigns"]
[WhiteElo "1626"]
[BlackElo "1455"]
[Opening "Vienna: `Frankenstein-Dracula' variation"]
[ECO "C27"]
[NIC "VG.02"]
[Time "20:42:05"]
[TimeControl "120+12"]

1. e4 e5 2. Nc3 Nf6 3. Bc4 Nxe4 4. Qh5 Nd6 5. Bb3 Nc6 6. Nb5 g6 7. Qf3 f5 8.
Qd5 Qe7 9. Nxc7+ Kd8 10. Nxa8 b6 11. d3 Bb7 12. Nxb6 axb6 13. Qf3 g5 14. Qe3
Nd4 15. Qxg5 {Black resigns} 1-0

[Event "GambitGuide"]
[Site "Internet Chess Club"]
[Date "2014.10.31"]
[Round "1"]
[White "JSBach"]
[Black "hairypatzerrr"]
[Result "1-0"]
[ICCResult "Black resigns"]
[WhiteElo "1626"]
[BlackElo "1563"]
[Opening "Vienna: `Frankenstein-Dracula' variation"]
[ECO "C27"]
[NIC "VG.02"]
[Time "20:43:08"]
[TimeControl "120+12"]

1. e4 e5 2. Nc3 Nf6 3. Bc4 Nxe4 4. Qh5 Nd6 5. Bb3 Nc6 6. Nb5 g6 7. Qf3 f5 8.
Qd5 Qe7 9. Nxc7+ Kd8 10. Nxa8 b6 11. d3 e4 12. dxe4 Nxe4 13. Be3 Bb7 14.
Nxb6 axb6 15. Bxb6+ Ke8 16. Be3 Bh6 17. Qf7+ Qxf7 18. Bxf7+ Kxf7 19. Bxh6
{Black resigns}
1-0

[Event "GambitGuide"]
[Site "Internet Chess Club"]
[Date "2014.10.31"]
[Round "1"]
[White "JSBach"]
[Black "BraafPaard"]
[Result "1-0"]
[ICCResult "Black resigns"]
[WhiteElo "1626"]
[BlackElo "1500"]
[Opening "Vienna: `Frankenstein-Dracula' variation"]
[ECO "C27"]
[NIC "VG.02"]
[Time "20:40:29"]
[TimeControl "120+12"]

1. e4 e5 2. Nc3 Nf6 3. Bc4 Nxe4 4. Qh5 Nd6 5. Bb3 Nc6 6. Nb5 g6 7. Qf3 f5 8.
Qd5 Qe7 9. Nxc7+ Kd8 10. Nxa8 b6 11. d3 Nd4 12. h4 h6 13. f4 Bb7 14. Qxe5
Nxb3 15. axb3 Bxa8 16. Rh2 Rg8 17. Rxa7 Bc6 18. Be3 Qxe5 19. fxe5 Nc8 20.
Ra6 Kc7 21. Ke2 Bc5 22. b4 Bxe3 23. Kxe3 Re8 24. Kd4 d6 25. exd6+ Kxd6 26.
g3 Bb5 27. Ra1 Ne7 28. Re2 Nd5 29. c4 {Black resigns} 1-0

[Event "GambitGuide"]
[Site "Internet Chess Club"]
[Date "2014.10.31"]
[Round "1"]
[White "JSBach"]
[Black "graccus"]
[Result "1-0"]
[ICCResult "Black resigns"]
[WhiteElo "1626"]
[BlackElo "1364"]
[Opening "Vienna: `Frankenstein-Dracula' variation"]
[ECO "C27"]
[NIC "VG.02"]
[Time "20:41:06"]
[TimeControl "120+12"]

1. e4 e5 2. Nc3 Nf6 3. Bc4 Nxe4 4. Qh5 Nd6 5. Bb3 Nc6 6. Nb5 g6 7. Qf3 f5 8.
Qd5 Qe7 9. Nxc7+ Kd8 10. Nxa8 b6 11. d3 Bb7 12. Nxb6 axb6 13. Qf3 Nd4 14.
Qg3 f4 15. Qg4 Qf6 16. Ba4 Bc6 17. Bb3 h5 18. Qh3 g5 19. f3 g4 20. fxg4 hxg4
21. Qxg4 Rh6 22. Nf3 Rg6 23. Qh3 Rh6 24. Qg4 Rg6 25. Qh3 Rh6 26. Qg4 Rg6 27.
Qh3 Rh6 28. Qg4 Nxf3+ 29. gxf3 Rg6 30. Qh3 Rh6 31. Qg4 Rg6 32. Qh3 Rh6 33.
Qg4 Rg6 34. Qh5 Nf5 35. Kd1 Nd4 36. Rf1 Rg5 37. Qh3 Qg6 38. Bd2 Rh5 39. Bf7
Qxf7 40. Qg2 Rh6 41. Bc3 Rg6 42. Qh3 Rh6 43. Qg2 Rg6 44. Qh3 Qg7 45. Bxd4
exd4 46. Re1 Rg1 47. Qh4+ Kc8 48. Qf2 Rg2 49. Re8+ Kb7 50. Qf1 Rg1 51. Ke2
Rxf1 52. Kxf1 Bxf3 53. a3 Qg2+ 54. Ke1 Qe2+ 55. Rxe2 Bxe2 56. Kxe2
{Black resigns}
1-0

[Event "GambitGuide"]
[Site "Internet Chess Club"]
[Date "2014.10.31"]
[Round "1"]
[White "JSBach"]
[Black "Joey218"]
[Result "1-0"]
[ICCResult "Black resigns"]
[WhiteElo "1649"]
[BlackElo "1326"]
[Opening "Vienna: `Frankenstein-Dracula' variation"]
[ECO "C27"]
[NIC "VG.02"]
[Time "20:40:05"]
[TimeControl "120+12"]

1. e4 e5 2. Nc3 Nf6 3. Bc4 Nxe4 4. Qh5 Nd6 5. Bb3 Nc6 6. Nb5 g6 7. Qf3 f5 8.
Qd5 Qe7 9. Nxc7+ Kd8 10. Nxa8 b6 11. d3 Bb7 12. Nxb6 Nd4 13. Bg5 Nxc2+ 14.
Bxc2 Qxg5 15. Qxe5 Rg8 16. Bb3 Rg7 17. Nd5 Bxd5 18. Qxd5 Qe7+ 19. Ne2 Qf6
20. Rc1 Ke7 21. Nd4 Nb7 22. Rc7 Kd8 23. Rxb7 Bd6 24. Ne6+ Kc8 25. Qxd6 Qxe6+
26. Bxe6 Kxb7 27. Bd5+ Kc8 28. Qf8+ Kc7 29. Kd2 d6 30. Qxg7+ Kd8 31. Qh8+
Kd7 32. Qxh7+ {Black resigns} 1-0

[Event "GambitGuide"]
[Site "Internet Chess Club"]
[Date "2014.10.31"]
[Round "1"]
[White "JSBach"]
[Black "nloring"]
[Result "1-0"]
[ICCResult "Black resigns"]
[WhiteElo "1649"]
[BlackElo "1652"]
[Opening "Vienna: `Frankenstein-Dracula' variation"]
[ECO "C27"]
[NIC "VG.02"]
[Time "20:45:50"]
[TimeControl "120+12"]

1. e4 e5 2. Nc3 Nf6 3. Bc4 Nxe4 4. Qh5 Nd6 5. Bb3 Nc6 6. Nb5 g6 7. Qf3 f5 8.
Qd5 Qe7 9. Nxc7+ Kd8 10. Nxa8 b6 11. d3 Bb7 12. Nxb6 axb6 13. Qf3 Bg7 14.
Be3 Re8 15. Bxb6+ Kc8 16. Qd5 Nb4 17. Qc5+ Nc6 18. Ne2 e4 19. d4 Bh6 20. d5
{Black resigns}
1-0

[Event "GambitGuide"]
[Site "Internet Chess Club"]
[Date "2014.10.31"]
[Round "1"]
[White "JSBach"]
[Black "FreeIreland"]
[Result "1-0"]
[ICCResult "Black resigns"]
[WhiteElo "1649"]
[BlackElo "1250"]
[Opening "Vienna: `Frankenstein-Dracula' variation"]
[ECO "C27"]
[NIC "VG.02"]
[Time "20:43:17"]
[TimeControl "120+12"]

1. e4 e5 2. Nc3 Nf6 3. Bc4 Nxe4 4. Qh5 Nd6 5. Bb3 Nc6 6. Nb5 g6 7. Qf3 f5 8.
Qd5 Qe7 9. Nxc7+ Kd8 10. Nxa8 b6 11. d3 Bb7 12. Nxb6 axb6 13. Qf3 Nd4 14.
Qg3 f4 15. Qg4 h5 16. Qxg6 Nxb3 17. axb3 Rh7 18. Nf3 Rg7 19. Qxh5 Rxg2 20.
h4 e4 21. Ne5 exd3 22. cxd3 Bg7 23. Bxf4 Bxe5 24. Qxe5 Qxe5+ 25. Bxe5 Rg4
26. Rf1 Bg2 27. Bxd6 Ke8 28. Rg1 Rxh4 29. Ra6 Bb7 30. Rxb6 {Black resigns}
1-0

[Event "GambitGuide"]
[Site "Internet Chess Club"]
[Date "2014.10.31"]
[Round "1"]
[White "JSBach"]
[Black "Heian"]
[Result "0-1"]
[ICCResult "White checkmated"]
[WhiteElo "1640"]
[BlackElo "1552"]
[Opening "Vienna: `Frankenstein-Dracula' variation"]
[ECO "C27"]
[NIC "VG.02"]
[Time "20:44:19"]
[TimeControl "120+12"]

1. e4 e5 2. Nc3 Nf6 3. Bc4 Nxe4 4. Qh5 Nd6 5. Bb3 Nc6 6. Nb5 g6 7. Qf3 f5 8.
Qd5 Qe7 9. Nxc7+ Kd8 10. Nxa8 b6 11. d3 Bb7 12. Nxb6 axb6 13. Qf3 e4 14.
dxe4 Nxe4 15. Be3 Kc7 16. Rd1 d6 17. c3 Ne5 18. Qf4 h5 19. h3 Bh6 20. Qh2
Bxe3 21. fxe3 Nc5 22. Kf1 Nxb3 23. axb3 Qe6 24. c4 Qd7 25. Ne2 Qc6 26. Nd4
Qe4 27. Nb5+ Kb8 28. Nxd6 Qxe3 29. Re1 Qd3+ 30. Kf2 Qxd6 31. Qxe5 Qxe5 32.
Rxe5 Rd8 33. Rhe1 Rd2+ 34. R5e2 Rd3 35. b4 Be4 36. c5 bxc5 37. bxc5 Kc7 38.
h4 Kc6 39. Rc1 Rb3 40. Rd2 Bd5 41. Ke1 Rg3 42. Kf1 Rg4 43. Kg1 Rxh4 44. Rcd1
Be4 45. b4 Rg4 46. Rd6+ Kb5 47. Rb6+ Kc4 48. Rd2 f4 49. c6 f3 50. b5 fxg2
51. c7 Bf5 52. c8=Q+ Bxc8 53. Rc2+ Kb4 54. Rxc8 h4 55. Rh8 g5 56. Rh7 Rg3
57. Rb8 h3 58. Rbh8 g4 59. Rb7 Rc3 60. Rxh3 gxh3 61. Kh2 Rc1 62. Kxh3 g1=Q
63. Rf7 Qg6 64. Rf4+ Kxb5 65. Kh2 Rg1 66. Rf5+ Kc4 67. Rf4+ Kd5 68. Rf5+ Ke4
69. Rg5 Qxg5 70. Kh3 Qg3# {White checkmated} 0-1

[Event "GambitGuide"]
[Site "Internet Chess Club"]
[Date "2014.10.31"]
[Round "1"]
[White "JSBach"]
[Black "BraafPaard"]
[Result "1-0"]
[ICCResult "Black resigns"]
[WhiteElo "1640"]
[BlackElo "1500"]
[Opening "Vienna: `Frankenstein-Dracula' variation"]
[ECO "C27"]
[NIC "VG.02"]
[Time "20:45:49"]
[TimeControl "120+12"]

1. e4 e5 2. Nc3 Nf6 3. Bc4 Nxe4 4. Qh5 Nd6 5. Bb3 Nc6 6. Nb5 g6 7. Qf3 f5 8.
Qd5 Qe7 9. Nxc7+ Kd8 10. Nxa8 b6 11. d3 Nd4 12. f4 Bg7 13. fxe5 Bxe5 14. Kd1
Bb7 15. Bg5 Bxd5 16. Bxe7+ Kxe7 17. Bxd5 {Black resigns} 1-0

[Event "GambitGuide"]
[Site "Internet Chess Club"]
[Date "2014.10.31"]
[Round "1"]
[White "JSBach"]
[Black "youngjp"]
[Result "1-0"]
[ICCResult "Black resigns"]
[WhiteElo "1640"]
[BlackElo "2054"]
[Opening "Vienna: `Frankenstein-Dracula' variation"]
[ECO "C27"]
[NIC "VG.02"]
[Time "20:46:50"]
[TimeControl "120+12"]

1. e4 e5 2. Nc3 Nf6 3. Bc4 Nxe4 4. Qh5 Nd6 5. Bb3 Nc6 6. Nb5 g6 7. Qf3 f5 8.
Qd5 Qe7 9. Nxc7+ Kd8 10. Nxa8 b6 11. d3 Bb7 12. Nxb6 axb6 13. Qf3 Nd4 14.
Qh3 Bg7 15. Be3 f4 16. Bxd4 exd4+ 17. Kf1 Nf5 18. Ne2 Qe5 19. Qg4 Re8 20.
Nxf4 Bh6 21. Nh3 Qe6 22. Bxe6 {Black resigns} 1-0